 Dungeon Crawl Stone Soup version 0.26-a0-752-gcff87cac9a (console) character file.

Game seed: 7540810641842507156

56433 Ignak the Thrower (level 14, -10/108 HPs)
             Began as a Gnoll Enchanter on Nov 6, 2020.
             Was the Champion of Okawaru.
             Mangled by an Executioner (17 damage)
             ... on level 2 of the Abyss.
             The game lasted 01:48:34 (23407 turns).

Ignak the Thrower (Gnoll Enchanter)                Turns: 23407, Time: 01:48:35

Health: -10/108    AC: 18    Str: 15 (16) XL:     14   Next: 81%
Magic:  6/28       EV: 23    Int: 26 (30) God:    Okawaru [******]
Gold:   1548       SH:  0    Dex: 16 (17) Spells: 7/34 levels left

rFire    . . .     SeeInvis .   a - +4 dagger (protect)
rCold    . . .     Faith    +   (no shield)
rNeg     . . .     Spirit   .   M - +4 troll leather armour
rPois    .         Reflect  .   K - +2 helmet {Int+3}
rElec    .         Harm     .   m - scarf {shadows}
rCorr    .         Rampage  .   u - +2 pair of gloves
MR       +....                  Q - +2 pair of boots {Stlth+}
Stlth    +++++++...             y - amulet "Yxtia" {Faith *Drain Str+5 Int+4}
HPRegen  0.68/turn              N - +4 ring of evasion
MPRegen  0.21/turn              E - +6 ring of intelligence

@: about to teleport, studying Throwing
A: distributed training, fangs 1, camouflage 1, [blurry vision 2], [clumsy 2],
[deformed body], [deterioration 1], mutation resistance 1, [screaming 2], shaggy
fur 1, strong 1, [weak 1], strong nose
a: Heroism, Finesse, Renounce Religion


You were on level 2 of the Abyss.
You worshipped Okawaru.
Okawaru was exalted by your worship.
You visited 3 branches of the dungeon, and saw 16 of its levels.
You visited the Abyss 1 time.
You also visited: Bailey, Gauntlet and Volcano.

You collected 2033 gold pieces.
You spent 485 gold pieces at shops.

Inventory:

Hand Weapons
 a - a +4 dagger of protection (weapon)
 b - a +2 dire flail of holy wrath
 P - a +2 short sword of draining
Missiles
 A - 4 atropa-tipped darts (quivered)
 R - 8 curare-tipped darts
Armour
 m - a scarf of shadows (worn)
 p - the +0 hat of Duck's Teeth {rPois}
   (You found it in a Gauntlet)

   It protects you from poison.
 u - a +2 pair of gloves (worn)
 v - a +0 helmet
 K - a +2 helmet of intelligence (worn)
 M - a +4 troll leather armour (worn)
 Q - a +2 pair of boots of stealth (worn)
 T - +1 steam dragon scales
 W - a +0 cloak of poison resistance
 Y - +0 acid dragon scales
Jewellery
 f - an uncursed ring of flight
 s - an uncursed ring of see invisible
 y - the amulet "Yxtia" (around neck) {Faith *Drain Str+5 Int+4}
   (You found it on level 4 of the Dungeon)

   [amulet of faith]

   It allows you to gain divine favour quickly.
   It affects your strength (+5).
   It affects your intelligence (+4).
   It causes draining when unequipped.
 E - a +6 ring of intelligence (right hand)
 F - a +6 ring of dexterity {unknown}
 H - an uncursed amulet of reflection {unknown}
 N - a +4 ring of evasion (left hand)
Wands
 r - a wand of flame (35)
 x - a wand of iceblast (17)
 z - a wand of random effects (46)
 B - a wand of paralysis (3)
 O - a wand of digging (1)
 Z - a wand of disintegration (6)
Scrolls
 c - 11 scrolls of remove curse
 d - a scroll of fear
 e - a scroll of amnesia
 g - 4 scrolls of fog
 h - a scroll of holy word
 i - 8 scrolls of enchant armour
 k - 6 scrolls of enchant weapon
 l - a scroll of teleportation
 o - 2 scrolls of magic mapping
 L - 3 scrolls of blinking
 U - a scroll of brand weapon
 V - a scroll of summoning
Potions
 j - 2 potions of berserk rage
 n - a potion of haste
 q - 4 potions of brilliance
 t - 2 potions of magic
 w - a potion of heal wounds
 C - 8 potions of curing
 D - 2 potions of lignification
 G - 2 potions of invisibility
 J - 2 potions of flight
 X - a potion of cancellation
Books
 I - a manual of Throwing
Miscellaneous
 S - a lightning rod (4/4)


   Skills:
 + Level 9.4 Fighting
 + Level 9.8 Short Blades
 + Level 9.4 Long Blades
 + Level 9.4 Axes
 + Level 9.4 Maces & Flails
 + Level 9.4 Polearms
 + Level 9.4 Staves
 + Level 9.4 Slings
 + Level 9.4 Bows
 + Level 9.4 Crossbows
 + Level 11.8 Throwing
 + Level 9.4 Armour
 + Level 10.4 Dodging
 + Level 11.0 Stealth
 + Level 9.4 Shields
 + Level 9.4 Unarmed Combat
 + Level 10.6 Spellcasting
 + Level 7.9 Conjurations
 + Level 9.6 Hexes
 + Level 7.9 Summonings
 + Level 7.9 Necromancy
 + Level 7.9 Translocations
 + Level 7.9 Transmutations
 + Level 7.9 Fire Magic
 + Level 7.9 Ice Magic
 + Level 7.9 Air Magic
 + Level 7.9 Earth Magic
 + Level 7.9 Poison Magic
 + Level 10.2 Invocations
 + Level 9.4 Evocations


You had 7 spell levels left.
You knew the following spells:

 Your Spells              Type           Power        Failure   Level
a - Confusing Touch       Hex            ####....     1%          3
b - Blink                 Tloc           N/A          1%          2
c - Ensorcelled Hibernat  Hex/Ice        ####..       1%          2
d - Tukima's Dance        Hex            ####....     1%          3
e - Summon Lightning Spi  Summ/Air       ####....     1%          4
f - Dazzling Flash        Conj/Hex       ####..       1%          3
g - Airstrike             Air            ####......   1%          4
q - Dispersal             Tloc           ####......   30%         6

Your spell library contained the following spells:

 Spells                   Type           Power        Failure   Level
 Corona                   Hex            ####...      1%          1
 Magic Dart               Conj           ####         1%          1
 Sandblast                Erth           ####..       1%          1
 Shock                    Conj/Air       ####         1%          1
 Summon Small Mammal      Summ           ####         1%          1
 Call Imp                 Summ           ####....     1%          2
 Passwall                 Tmut/Erth      ####....     1%          2
 Slow                     Hex            ####....     1%          2
 Swiftness                Air            ####....     1%          2
 Call Canine Familiar     Summ           ####....     1%          3
 Conjure Flame            Conj/Fire      ####....     1%          3
 Gell's Gravitas          Tloc           ####......   1%          3
 Mephitic Cloud           Conj/Pois/Air  ####....     1%          3
 Portal Projectile        Hex/Tloc       ####..       1%          3
 Static Discharge         Conj/Air       ####....     1%          3
 Stone Arrow              Conj/Erth      ####..       1%          3
 Summon Guardian Golem    Hex/Summ       ####....     1%          3
 Petrify                  Tmut/Erth      ####....     1%          4
 Summon Ice Beast         Ice/Summ       ####....     1%          4
 Bolt of Magma            Conj/Fire/Erth ####......   5%          5
 Iskenderun's Battlesphe  Conj           ####....     5%          5
 Lee's Rapid Deconstruct  Erth           ####......   5%          5
 Lightning Bolt           Conj/Air       ####......   5%          5
 Iron Shot                Conj/Erth      ####......   30%         6
 Orb of Destruction       Conj           ####......   86%         7
 Spellforged Servitor     Conj/Summ      ####......   86%         7
 Disjunction              Tloc           ####......   100%        8


Dungeon Overview and Level Annotations

Branches:
Dungeon (13/15)            Temple (1/1) D:6            Lair (0/6) D:8
    Orc (2/2) D:12         Bailey (visited)         Volcano (visited)
Gauntlet (visited)
    Elf: Orc:2       Vaults: D:13-14

Altars:
Cheibriados
Dithmenos
Kikubaaqudgha
Nemelex Xobeh
Okawaru
Ru
Xom
The Shining One

Shops:
D:6 }   D:7 *   Orc:2 =[?[


Innate Abilities, Weirdness & Mutations

Your experience applies equally to all skills.
You have very sharp teeth.
Your uncanny sense of smell can sniff out nearby items.
Your skin changes colour to match your surroundings (Stealth+).
You are somewhat resistant to further mutation.
You are covered in fur. (AC +1)
Your muscles are strong. (Str +2)
[Scrolls take you longer to read.]
[You are very clumsy. (Dex -4)]
[Armour fits poorly on your strangely shaped body.]
[Your body sometimes deteriorates upon taking damage.]
[You sometimes yell uncontrollably at your foes.]
[You are weak. (Str -2)]


Message History

The Executioner barely misses you. x2; The Executioner misses you. x2
The Executioner hits you but does no damage. x2
The small abomination misses you. The Executioner completely misses you.
The Executioner barely misses you. The Executioner closely misses you.
The small abomination completely misses you.
As you read the scroll of teleportation, it crumbles to dust.
You feel strangely unstable.
You feel the power of the Abyss delaying your translocation!
Unknown command.
The Executioner hits you!!
* * * LOW HITPOINT WARNING * * *
The Executioner completely misses you. x2
You feel yourself growing ill in the presence of the ancient zyme.
The Executioner hits you!!
* * * LOW HITPOINT WARNING * * *
The Executioner hits you but does no damage. x2
Casting: Dazzling Flash (safe; 1% risk of failure)
Confirm with . or Enter, or press ? or * to list all spells.
You feel a numb sensation.
You blink.
The Executioner hits you!
You die...

#. . .. .#§## #..
######## #.#.
#.....###......
#.§x.#...#....
#...#S...#.#.....
....#..#.#....#.#.#.
x.# #1.#x.X..... . .
#@##N#│.##..... .
#.§.....\#...# #.
#.#.....##\..## # ..
#.###.##.##w# .8##.#
. #.... .#.8Y# ##. .
## ##...# .# 8.wY#.
. . # .......8 #.. #
#..####..# .#.. .#.
#.....# #


You could see an Executioner (fast), a black mamba (summoned) and a small
abomination.

Vanquished Creatures
  A bone dragon (Abyss:2)
  A minotaur (Gauntlet)
  Snorg (Orc:2)
  A great orb of eyes (Abyss:2)
  3 hydras (D:12)
  Erica (Orc:1)
  3 ogre magi
  17 two-headed ogres
  Sonja (D:10)
  An orc high priest (Orc:1)
  Nergalle (Orc:1)
  An unseen horror (D:12)
  A manticore (D:8)
  4 orc knights
  An oklob plant (Gauntlet)
  2 salamanders (Volcano)
  An orc sorcerer (Orc:1)
  A large abomination (Abyss:2)
  A centaur zombie (D:11)
  Maggie (D:10)
  An ice devil (Gauntlet)
  A hellwing (Abyss:2)
  An ancient zyme (Abyss:2)
  A wolf spider simulacrum (Abyss:1)
  Prince Ribbit (D:5)
  6 trolls
  4 raiju (Abyss:2)
  A hornet (D:8)
  2 wraiths
  2 shadows (Gauntlet)
  A wyvern (D:11)
  5 small abominations
  2 fire bats (Volcano)
  15 yaks
  A steam dragon (D:9)
  2 vampire mosquitoes (D:12)
  2 swamp worms (Gauntlet)
  5 wargs
  An acid dragon (Gauntlet)
  Duvessa (D:5)
  A hell hound (Volcano)
  3 ice beasts
  21 orc warriors
  2 water moccasins (D:8)
  A sky beast (D:6)
  2 phantoms
  A hornet zombie (D:6)
  2 black bears (D:8)
  36 ogres
  2 necrophages
  6 centaurs
  6 big kobolds
  9 bullfrogs
  Dowan (D:5)
  6 scorpions
  23 killer bees
  7 wights
  A howler monkey (D:10)
  4 electric eels
  3 bullfrog zombies
  2 quasits
  6 orc priests
  13 orc wizards
  12 hounds
  A jelly (D:9)
  A bullfrog skeleton (D:6)
  2 centaur skeletons
  2 iron imps (Abyss:2)
  5 iguanas
  Natasha (D:2)
  9 worker ants
  A killer bee zombie (D:10)
  A hound zombie (D:7)
  A worker ant zombie (D:5)
  5 gnolls
  A howler monkey skeleton (D:11)
  13 adders
  10 river rats (D:5)
  2 shadow imps
  5 white imps
  An ufetubus (D:7)
  3 oozes
  An adder skeleton (D:9)
  2 worms
  3 dart slugs
  8 leopard geckos
  71 orcs
  5 giant cockroaches
  11 goblins
  8 hobgoblins
  8 jackals
  24 kobolds
  7 quokkas
  12 bats
  6 frilled lizards
  2 leopard gecko skeletons
  27 rats
528 creatures vanquished.

Vanquished Creatures (collateral kills)
  2 shadows (Gauntlet)
  2 orc warriors
  16 orcs
20 creatures vanquished.

Vanquished Creatures (others)
  A rakshasa (Abyss:2)
  A large abomination (Abyss:2)
  2 raiju (Abyss:2)
  4 dancing weapons
  A small abomination (Abyss:2)
  2 orcs (D:9)
  A kobold (D:11)
  24 fungi (D:8)
  32 plants
  8 starspawn tentacles (Abyss:2)
76 creatures vanquished.

Grand Total: 624 creatures vanquished

Notes
Turn   | Place    | Note
-------+----------+-------------------------------------------
     0 | D:1      | Ignak the Gnoll Enchanter began the quest for the Orb.
     0 | D:1      | Reached XP level 1. HP: 13/13 MP: 6/6
   524 | D:1      | Reached XP level 2. HP: 19/19 MP: 7/7
   531 | D:1      | Learned a level 2 spell: Ensorcelled Hibernation
   750 | D:1      | You fall into a shaft and drop 1 floor!
   985 | D:1      | Reached XP level 3. HP: 5/25 MP: 1/9
  1247 | D:1      | Reached skill level 5 in Spellcasting
  1491 | D:1      | Reached skill level 1 in Invocations
  1785 | D:2      | Learned a level 3 spell: Confusing Touch
  1789 | D:2      | Learned a level 3 spell: Tukima's Dance
  1850 | D:2      | Reached skill level 1 in Fighting
  1850 | D:2      | Reached skill level 1 in Long Blades
  1850 | D:2      | Reached skill level 1 in Axes
  1850 | D:2      | Reached skill level 1 in Maces & Flails
  1850 | D:2      | Reached skill level 1 in Polearms
  1850 | D:2      | Reached skill level 1 in Staves
  1850 | D:2      | Reached skill level 1 in Slings
  1850 | D:2      | Reached skill level 1 in Bows
  1850 | D:2      | Reached skill level 1 in Crossbows
  1850 | D:2      | Reached skill level 1 in Throwing
  1850 | D:2      | Reached skill level 1 in Armour
  1850 | D:2      | Reached skill level 1 in Shields
  1850 | D:2      | Reached skill level 1 in Unarmed Combat
  1850 | D:2      | Reached skill level 1 in Evocations
  1950 | D:2      | Noticed Natasha
  1981 | D:2      | Killed Natasha
  1981 | D:2      | Reached XP level 4. HP: 22/32 MP: 0/11
  2222 | D:2      | Found an iron altar of Okawaru.
  2229 | D:2      | Became a worshipper of Warmaster Okawaru
  2247 | D:2      | Reached skill level 1 in Conjurations
  2247 | D:2      | Reached skill level 1 in Summonings
  2247 | D:2      | Reached skill level 1 in Necromancy
  2247 | D:2      | Reached skill level 1 in Translocations
  2247 | D:2      | Reached skill level 1 in Transmutations
  2247 | D:2      | Reached skill level 1 in Fire Magic
  2247 | D:2      | Reached skill level 1 in Ice Magic
  2247 | D:2      | Reached skill level 1 in Air Magic
  2247 | D:2      | Reached skill level 1 in Earth Magic
  2247 | D:2      | Reached skill level 1 in Poison Magic
  2381 | D:2      | Reached XP level 5. HP: 37/37 MP: 12/12
  3426 | D:3      | Found a sparkling altar of Nemelex Xobeh.
  3465 | D:3      | Reached XP level 6. HP: 30/44 MP: 10/13
  4170 | D:3      | Reached skill level 5 in Dodging
  4499 | D:3      | Reached * piety under Okawaru
  4566 | D:4      | Reached XP level 7. HP: 48/51 MP: 6/15
  5236 | D:4      | Reached XP level 8. HP: 55/57 MP: 11/16
  5364 | D:4      | Got a wavering pewter amulet
  5374 | D:5      | Entered Level 5 of the Dungeon
  5402 | D:5      | Reached ** piety under Okawaru
  5622 | D:4      | Identified the amulet "Yxtia" {Faith *Drain Str+5 Int+4}
                  | (You found it on level 4 of the Dungeon)
  5630 | D:4      | Gained mutation: [You occasionally shout uncontrollably at
                  | your foes.] [potion of mutation]
  5630 | D:4      | Gained mutation: You have sharp fingernails. [potion of
                  | mutation]
  5630 | D:4      | Gained mutation: You are resistant to hostile enchantments.
                  | (MR+) [potion of mutation]
  5702 | D:4      | Learned a level 2 spell: Blink
  5706 | D:4      | Learned a level 3 spell: Dazzling Flash
  5879 | D:5      | Found a snail-covered altar of Cheibriados.
  6016 | D:5      | Found a snail-covered altar of Cheibriados.
  6123 | D:5      | Noticed Duvessa
  6127 | D:5      | Killed Duvessa
  6138 | D:5      | Noticed Dowan
  6156 | D:5      | Killed Dowan
  6343 | D:5      | Noticed Prince Ribbit
  6353 | D:5      | Killed Prince Ribbit
  6353 | D:5      | Reached *** piety under Okawaru
  6353 | D:5      | Reached XP level 9. HP: 62/65 MP: 11/18
  6958 | D:6      | Found Puet's Gadget Boutique.
  7058 | D:6      | Reached skill level 5 in Short Blades
  7484 | D:6      | Found a staircase to the Ecumenical Temple.
  7507 | Temple   | Entered the Ecumenical Temple
  7954 | D:7      | Found a sacrificial altar of Ru.
  7982 | D:7      | Reached **** piety under Okawaru
  8057 | D:7      | Reached skill level 5 in Invocations
  8615 | D:7      | Found a shadowy altar of Dithmenos.
  8623 | D:7      | Found an ancient bone altar of Kikubaaqudgha.
  8623 | D:7      | Found a shimmering altar of Xom.
  8648 | D:7      | Found a glowing golden altar of the Shining One.
  8765 | D:7      | Reached XP level 10. HP: 73/73 MP: 20/20
  8843 | D:7      | Received a gift from Okawaru
  9216 | D:7      | Found Pinelit's Assorted Antiques.
  9243 | D:7      | Bought a shiny sapphire ring for 135 gold pieces
  9243 | D:7      | Bought a pair of boots for 121 gold pieces
  9250 | D:7      | Bought a wand of flame (15) for 27 gold pieces
  9528 | D:8      | Reached skill level 5 in Fighting
  9528 | D:8      | Reached skill level 5 in Long Blades
  9528 | D:8      | Reached skill level 5 in Axes
  9528 | D:8      | Reached skill level 5 in Maces & Flails
  9528 | D:8      | Reached skill level 5 in Polearms
  9528 | D:8      | Reached skill level 5 in Staves
  9528 | D:8      | Reached skill level 5 in Slings
  9528 | D:8      | Reached skill level 5 in Bows
  9528 | D:8      | Reached skill level 5 in Crossbows
  9528 | D:8      | Reached skill level 5 in Throwing
  9528 | D:8      | Reached skill level 5 in Armour
  9528 | D:8      | Reached skill level 5 in Shields
  9528 | D:8      | Reached skill level 5 in Unarmed Combat
  9528 | D:8      | Reached skill level 5 in Evocations
  9562 | D:8      | Noticed a two-headed ogre
  9566 | D:8      | Killed a two-headed ogre
  9566 | D:8      | Reached ***** piety under Okawaru
  9589 | D:8      | Noticed a manticore
  9610 | D:8      | Killed a manticore
  9610 | D:8      | Received a gift from Okawaru
  9830 | D:8      | Received a gift from Okawaru
 10462 | D:8      | Reached XP level 11. HP: 77/81 MP: 1/22
 10611 | D:8      | Found a staircase to the Lair.
 11014 | D:9      | Learned a level 4 spell: Summon Lightning Spire
 11434 | D:9      | Reached skill level 5 in Conjurations
 11434 | D:9      | Reached skill level 5 in Summonings
 11434 | D:9      | Reached skill level 5 in Necromancy
 11434 | D:9      | Reached skill level 5 in Translocations
 11434 | D:9      | Reached skill level 5 in Transmutations
 11434 | D:9      | Reached skill level 5 in Fire Magic
 11434 | D:9      | Reached skill level 5 in Ice Magic
 11434 | D:9      | Reached skill level 5 in Air Magic
 11434 | D:9      | Reached skill level 5 in Earth Magic
 11434 | D:9      | Reached skill level 5 in Poison Magic
 11785 | D:9      | Got an ebony spear
 11787 | D:9      | Identified the +2 spear "Lifebane" {vorpal, MP-9 Int+3}
                  | (You found it on level 9 of the Dungeon)
 12272 | D:10     | Entered Level 10 of the Dungeon
 12276 | D:10     | Found an ancient bone altar of Kikubaaqudgha.
 12473 | D:10     | Noticed Sonja
 12480 | D:10     | Killed Sonja
 12550 | D:10     | Received a gift from Okawaru
 13410 | D:10     | Noticed Maggie
 13422 | D:10     | Killed Maggie
 13960 | D:11     | Found a flagged portal.
 14046 | Bailey   | Entered a bailey
 14637 | Bailey   | Noticed an orc knight
 14645 | Bailey   | Noticed an orc knight
 14695 | Bailey   | Killed an orc knight
 14703 | Bailey   | Killed an orc knight
 14722 | Bailey   | Reached XP level 12. HP: 45/89 MP: 3/24
 14832 | Bailey   | Reached XP level 13. HP: 96/96 MP: 24/26
 15151 | D:11     | Lost mutation: You are resistant to hostile enchantments.
                  | (MR+) [potion of mutation]
 15151 | D:11     | Lost mutation: You have sharp fingernails. [potion of
                  | mutation]
 15151 | D:11     | Gained mutation: You have a pair of small horns on your
                  | head. [potion of mutation]
 15151 | D:11     | Gained mutation: You expend magic power (3 MP) to
                  | strengthen your wands. [potion of mutation]
 15151 | D:11     | Gained mutation: You are covered in fur. (AC +1) [potion of
                  | mutation]
 15452 | D:12     | Found a gate leading to a gauntlet.
 15463 | D:12     | Received a gift from Okawaru
 15470 | Gauntlet | Entered a Gauntlet
 15474 | Gauntlet | Found a transporter.
 15502 | Gauntlet | Identified the ring "Fakhasha" {rC+ Dex+2}
 15502 | Gauntlet | Noticed a balrug
 15504 | Gauntlet | Found a transporter.
 15508 | Gauntlet | Found a transporter.
 15522 | Gauntlet | Found a transporter.
 15539 | Gauntlet | Found a transporter.
 15546 | Gauntlet | Found a transporter.
 15553 | Gauntlet | Found a transporter.
 15571 | Gauntlet | Found a transporter.
 15579 | Gauntlet | Found a transporter.
 15604 | Gauntlet | Found a transporter.
 15605 | Gauntlet | Found a transporter.
 15624 | Gauntlet | Found a transporter.
 16529 | Gauntlet | Received a gift from Okawaru
 16657 | Gauntlet | Got a faintly glowing hat
 16664 | Gauntlet | Identified the +0 hat of Duck's Teeth {rPois} (You found it
                  | in a Gauntlet)
 16820 | Gauntlet | Learned a level 4 spell: Airstrike
 16827 | Gauntlet | Lost mutation: You expend magic power (3 MP) to strengthen
                  | your wands. [potion of mutation]
 16827 | Gauntlet | Lost mutation: You have a pair of small horns on your head.
                  | [potion of mutation]
 16827 | Gauntlet | Lost mutation: [You occasionally shout uncontrollably at
                  | your foes.] [potion of mutation]
 16827 | Gauntlet | Gained mutation: Your muscles are strong. (Str +2) [potion
                  | of mutation]
 16827 | Gauntlet | Gained mutation: Your skin changes colour to match your
                  | surroundings (Stealth+). [potion of mutation]
 16827 | Gauntlet | Gained mutation: You are somewhat resistant to further
                  | mutation. [potion of mutation]
 16869 | Gauntlet | Noticed a minotaur
 16887 | Gauntlet | Killed a minotaur
 17090 | D:12     | Reached skill level 10 in Stealth
 17183 | D:12     | Found a staircase to the Orcish Mines.
 17245 | D:12     | Received a gift from Okawaru
 17325 | D:12     | Reached skill level 10 in Throwing
 17586 | D:12     | Received a gift from Okawaru
 18286 | Orc:1    | Entered Level 1 of the Orcish Mines
 18322 | Orc:1    | Found a dark tunnel.
 18330 | Volcano  | Entered a volcano
 18357 | Volcano  | Received a gift from Okawaru
 18359 | Volcano  | Reached ****** piety under Okawaru
 18452 | Volcano  | Received a gift from Okawaru
 18464 | Volcano  | HP: 7/147 [something (11)]
 19972 | Orc:1    | Noticed Erica
 19990 | Orc:1    | Killed Erica
 20069 | Orc:1    | Noticed Nergalle
 20073 | Orc:1    | Killed Nergalle
 20470 | Orc:2    | Entered Level 2 of the Orcish Mines
 20470 | Orc:2    | Noticed Snorg
 20474 | Orc:2    | Killed Snorg
 20551 | Orc:1    | Reached skill level 10 in Spellcasting
 20551 | Orc:1    | Reached XP level 14. HP: 90/106 MP: 22/28
 20784 | Orc:1    | Reached skill level 10 in Dodging
 20803 | Orc:1    | Received a gift from Okawaru
 20984 | Orc:1    | Received a gift from Okawaru
 21156 | Orc:1    | Received a gift from Okawaru
 21670 | Orc:2    | Found Qoten's Armour Boutique.
 21670 | Orc:2    | Found Acufugea's Jewellery Shoppe.
 21671 | Orc:2    | Found Teidus's Antique Armour Emporium.
 21671 | Orc:2    | Found Isabb's Magic Scroll Boutique.
 21681 | Orc:2    | Bought a pair of embroidered boots for 202 gold pieces
 21740 | Orc:2    | Reached skill level 10 in Invocations
 21754 | Orc:2    | Received a gift from Okawaru
 21757 | Orc:2    | Got a crystal executioner's axe {god gift}
 21758 | Orc:2    | Identified the +6 executioner's axe of the Scorching Tiger
                  | {venom, rN+ Int+2 Dex+7 Stlth-} (Okawaru gifted it to you
                  | on level 2 of the Orcish Mines)
 22099 | Orc:2    | Cast into level 1 of the Abyss (red devil)
 22099 | Abyss:1  | Found a corrupted altar of Lugonu.
 22523 | Abyss:2  | Noticed a tentacled starspawn
 22615 | Abyss:2  | Noticed a tentacled starspawn
 22721 | Abyss:2  | Paralysed by a great orb of eyes for 6 turns
 22835 | Abyss:2  | Noticed a bone dragon
 22901 | Abyss:2  | Killed a bone dragon
 23109 | Abyss:2  | Noticed a bone dragon
 23182 | Abyss:2  | Received a gift from Okawaru
 23268 | Abyss:2  | Learned a level 6 spell: Dispersal
 23345 | Abyss:2  | Noticed a hellephant
 23376 | Abyss:2  | Noticed a tentacled starspawn
 23387 | Abyss:2  | Noticed an Executioner
 23407 | Abyss:2  | Mangled by an Executioner

Illustrated notes

Levels and vault maps discovered:
D:1:      lemuel_arrival_cross, layout_rooms, hangedman_feature_mirror,
          minmay_misc_feat_tiny, minivault_5
D:2:      layout_basic, lemuel_round_altar, uniq_natasha
D:3:      layout_loops_ring, nemelex_spade_bored_becter
D:4:      minmay_general_purpose_star, layout_rooms, minmay_misc_feat_room
D:5:      lemuel_ratsnest, layout_cave_pools, kennysheep_slug_shrine,
          basic_altar, uniq_prince_ribbit1, uniq_duvessa
D:6:      layout_rooms, temple_green, serial_shops, shop, minmay_crystal_water
D:7:      kb_forest_paths, layout_loops_corners, minitemple, serial_shops,
          kennysheep_little_box, palyth_stone_intersect,
          nicolae_ru_sacrificial_ziggurat
D:8:      layout_basic, due_lair_maze_entry_diamond, minmay_crystal_room,
          minmay_manual_mail
D:9:      layout_roguey [special_room_orc], serial_bayou, serial_bayou_pond_d,
          serial_bayou_shore_b, serial_bayou_lake_a, serial_bayou_pond_e,
          minmay_orc_keep
D:10:     mumra_celtic_spiral_tile, layout_cave_pods, basic_altar, serial_glass,
          glass_columns_a, glass_columns_a, glass_columns_a, glass_columns_b,
          glass_columns_b, glass_columns_c, uniq_sonja, uniq_maggie
D:11:     layout_basic, enter_bailey_3
D:12:     layout_loops_corners, minmay_orc_entry_guard_dogs,
          gauntlet_entry_generic
D:13:     layout_cave_pools
Temple:   eino_temple_scatter_basement
Orc:1:    layout_diamond_mine, enter_volcano_1, uniq_erica, uniq_nergalle
Orc:2:    st_orc_ogre_mass, layout_caves, uniq_snorg
Abyss:2:  base: D:13, evilmike_abyss_exit_glass, evilmike_abyss_exit_mutagenic,
          bh_abyss_xom_lugonu_altar, evilmike_abyss_exit_7,
          evilmike_abyss_exit_5, lemuel_flamethrower_hall,
          evilmike_abyss_exit_17, evilmike_abyss_exit_glass,
          evilmike_abyss_exit_9

Skill      XL: |  1  2  3  4  5  6  7  8  9 10 11 12 13 14 |
---------------+-------------------------------------------+-----
Spellcasting   | 5 6 7 8 9 10 | 10.6
Stealth        | 6 7 8 9 10 11 | 11.0
Invocations    | 1 2 3 4 5 6 7 8 9 10 | 10.2
Fighting       | 1 2 3 4 5 6 7 8 9 |  9.4
Long Blades    | 1 2 3 4 5 6 7 8 9 |  9.4
Axes           | 1 2 3 4 5 6 7 8 9 |  9.4
Maces & Flails | 1 2 3 4 5 6 7 8 9 |  9.4
Polearms       | 1 2 3 4 5 6 7 8 9 |  9.4
Staves         | 1 2 3 4 5 6 7 8 9 |  9.4
Slings         | 1 2 3 4 5 6 7 8 9 |  9.4
Bows           | 1 2 3 4 5 6 7 8 9 |  9.4
Crossbows      | 1 2 3 4 5 6 7 8 9 |  9.4
Throwing       | 1 2 3 4 6 8 9 10 11 | 11.8
Armour         | 1 2 3 4 5 6 7 8 9 |  9.4
Shields        | 1 2 3 4 5 6 7 8 9 |  9.4
Unarmed Combat | 1 2 3 4 5 6 7 8 9 |  9.4
Evocations     | 1 2 3 4 5 6 7 8 9 |  9.4
Conjurations   | 1 2 3 4 5 6 7 |  7.9
Summonings     | 1 2 3 4 5 6 7 |  7.9
Necromancy     | 1 2 3 4 5 6 7 |  7.9
Translocations | 1 2 3 4 5 6 7 |  7.9
Transmutations | 1 2 3 4 5 6 7 |  7.9
Fire Magic     | 1 2 3 4 5 6 7 |  7.9
Ice Magic      | 1 2 3 4 5 6 7 |  7.9
Air Magic      | 1 2 3 4 5 6 7 |  7.9
Earth Magic    | 1 2 3 4 5 6 7 |  7.9
Poison Magic   | 1 2 3 4 5 6 7 |  7.9
Short Blades   | 3 4 5 6 7 8 9 |  9.8
Dodging        | 5 6 7 8 9 10 | 10.4
Hexes          | 6 7 8 9 |  9.6

Action                   |  1- 3 |  4- 6 |  7- 9 | 10-12 | 13-15 || total
-------------------------+-------+-------+-------+-------+-------++-------
Melee: Dagger            |    96 |   137 |    78 |       |   426 ||   737
       Bite              |     6 |     8 |    55 |    86 |   168 ||   323
       Punch             |       |     1 |     9 |    15 |    65 ||    90
       Short sword       |       |       |   338 |   524 |   447 ||  1309
       Unarmed           |       |       |     8 |       |       ||     8
       Headbutt          |       |       |       |       |    39 ||    39
       Dire flail        |       |       |       |       |    48 ||    48
Throw: Dart              |       |    10 |    11 |    18 |       ||    39
 Cast: Corona            |     3 |       |       |       |       ||     3
       Ensorcelled Hiber |    22 |    46 |    54 |    99 |   146 ||   367
       Confusing Touch   |     1 |       |     8 |    15 |    17 ||    41
       Dazzling Flash    |       |       |       |    23 |    22 ||    45
       Summon Lightning  |       |       |       |     9 |    12 ||    21
       Tukima's Dance    |       |       |       |     7 |    11 ||    18
       Blink             |       |       |       |     3 |    17 ||    20
       Airstrike         |       |       |       |       |     7 ||     7
Invok: Heroism           |       |       |       |       |     6 ||     6
       Finesse           |       |       |       |       |     2 ||     2
 Abil: Evoke Flight      |     1 |     1 |       |     1 |       ||     3
Evoke: Wand              |       |       |       |     4 |    20 ||    24
       Lightning rod     |       |       |       |     4 |     1 ||     5
  Use: Potion            |     1 |       |    10 |     5 |    14 ||    30
       Scroll            |       |       |    10 |     8 |    14 ||    32
 Stab: Sleeping          |    14 |    30 |    53 |    50 |    53 ||   200
       Confused          |     1 |       |     8 |    16 |    19 ||    44
       Distracted        |       |     1 |     2 |       |     5 ||     8
       Invisible         |       |       |       |    16 |    20 ||    36
       Paralysed         |       |       |       |       |     2 ||     2
Armor: Robe              |    17 |     1 |       |       |       ||    18
       Ring mail         |       |    37 |   120 |    48 |       ||   205
       Chain mail        |       |       |       |    89 |       ||    89
       Troll leather arm |       |       |       |    79 |   224 ||   303
       Leather armour    |       |       |       |       |     4 ||     4
Dodge: Dodged            |    78 |    81 |   253 |   577 |  1088 ||  2077

Table legend: (Time is in decaauts)
 A = Elapsed time spent in this place.
 B = Non-inter-level travel time spent in this place.
 C = Inter-level travel time spent in this place.
 D = Time resting spent in this place.
 E = Time spent auto-exploring this place.
 F = Levels seen in this place.
 G = Mean time per level.
                   A        B        C        D        E       F      G
               +--------+--------+--------+--------+--------+-----+--------+
         Total |  22940 |  22564 |    376 |   5554 |   8352 |  21 | 1092.4 |
       Dungeon |  15960 |  15585 |    375 |   3440 |   7210 |  13 | 1227.7 |
        Temple |      1 |      1 |      0 |      0 |      0 |   1 |    1.0 |
  Orcish Mines |   2483 |   2483 |      0 |    879 |    601 |   2 | 1241.5 |
         Abyss |   1225 |   1225 |      0 |    297 |     59 |   2 |  612.5 |
        Bailey |    822 |    822 |      0 |    422 |      0 |   1 |  822.0 |
       Volcano |    991 |    991 |      0 |    284 |    286 |   1 |  991.0 |
      Gauntlet |   1456 |   1456 |      0 |    231 |    195 |   1 | 1456.0 |
               +--------+--------+--------+--------+--------+-----+--------+

Top non-repeatable levels by time:
   Orc:1: 2041 daAuts
     D:2: 1879 daAuts
    D:10: 1602 daAuts
     D:7: 1589 daAuts
     D:9: 1536 daAuts
    D:12: 1501 daAuts
     D:3: 1475 daAuts
Gauntlet: 1456 daAuts
     D:1: 1429 daAuts
     D:8: 1217 daAuts
     D:6: 1017 daAuts
     D:4: 1015 daAuts
     D:5: 1007 daAuts
 Volcano: 991 daAuts
 Abyss:2: 913 daAuts
